 Dungeon Crawl Stone Soup version 0.27-a0-972-gd1521fd518 (webtiles) character file.

Game seed: 13625434737149372834

3131 tardwrangler69 the Geomancer (level 9, -5/62 HPs)
             Began as a Pale Draconian Earth Elementalist on Apr 13, 2021.
             Was a Believer of Vehumet.
             Slain by a yak (14 damage)
             ... on level 9 of the Dungeon.
             The game lasted 00:11:10 (10890 turns).

tardwrangler69 the Geomancer (DrEE)                Turns: 10890, Time: 00:11:11

Health: -5/62      AC: 15    Str: 10    XL:     9   Next: 61%
Magic:  7/18       EV: 12    Int: 18    God:    Vehumet [**....]
Gold:   392        SH:  0    Dex: 13    Spells: 10/21 levels left

rFire    . . .     SeeInvis .   r - +3 short sword
rCold    . . .     Faith    .   (no shield)
rNeg     . . .     Spirit   .   (armour unavailable)
rPois    .         Reflect  .   (helmet restricted)
rElec    .         Harm     .   (no cloak)
rCorr    .         Rampage  .   (no gloves)
Will     .....                  (no boots)
Stlth    +.........             (no amulet)
HPRegen  0.20/turn              m - +4 ring of protection
MPRegen  0.16/turn              B - +4 ring of protection

@: confused, lethally poisoned (-5 -> -8), ambrosia-drunk, slowed, very slow
A: breathe steam, AC +7, unfitting armour, cold-blooded, steam resistance
a: Breathe Steam, Renounce Religion


You were on level 9 of the Dungeon.
You worshipped Vehumet.
Vehumet was pleased with you.
You visited 2 branches of the dungeon, and saw 10 of its levels.

You collected 392 gold pieces.

Inventory:

Hand Weapons
 r - a +3 short sword (weapon)
Missiles
 b - 105 stones
 y - a throwing net
 D - a curare-tipped dart
Jewellery
 m - a +4 ring of protection (left hand)
 s - a ring of wizardry
 u - a ring of wizardry
 v - an amulet of faith
 x - a ring of ice
 B - a +4 ring of protection (right hand)
 C - a +4 ring of protection
 E - a ring of willpower
Wands
 f - a wand of digging (6)
 p - a wand of polymorph (7)
 t - a wand of charming (7)
Scrolls
 a - 4 scrolls of teleportation
 c - a scroll of blinking {unknown}
 d - a scroll of magic mapping {unknown}
 g - a scroll of torment {unknown}
 h - 3 scrolls of enchant weapon
 k - a scroll of fear {unknown}
 w - 2 scrolls of amnesia {unknown}
 z - 2 scrolls of noise {unknown}
 A - a scroll of enchant armour {unknown}
Potions
 e - 2 potions of brilliance
 j - 2 potions of might
 l - 2 potions of berserk rage
 o - a potion of lignification
 q - a potion of cancellation


   Skills:
 - Level 1.7 Dodging
 - Level 1.7 Stealth
 + Level 6.5 Spellcasting
 * Level 6.1 Conjurations
 - Level 1.0 Transmutations
 * Level 10.2 Earth Magic


You had 10 spell levels left.
You knew the following spells:

 Your Spells              Type           Power      Damage    Failure   Level
a - Sandblast             Erth           84%        2d18      1%          1
b - Stone Arrow           Conj/Erth      70%        3d11      1%          3
c - Passwall              Tmut/Erth      21%        N/A       1%          2
d - Lee's Rapid Deconstr  Erth           21%        3d13*     4%          5

Your spell library contained the following spells:

 Spells                   Type           Power      Damage    Failure   Level
 Conjure Flame            Conj/Fire      17%        6-21      10%         3
 Petrify                  Tmut/Erth      26%        N/A       11%         4


Dungeon Overview and Level Annotations

Branches:
Dungeon (9/15)             Temple (1/1) D:5
   Lair: D:8-11         Orc: D:9-12

Altars:
Ashenzari
Cheibriados
Dithmenos
Elyvilon
Fedhas
Gozag
Hepliaklqana
Kikubaaqudgha
Makhleb
Nemelex Xobeh
Okawaru
Ru
Trog
Uskayaw
Vehumet
Wu Jian
Xom
Yredelemnul
Zin
The Shining One

Shops:
D:6 !   D:8 (

Annotations:
D:9 Erica


Innate Abilities, Weirdness & Mutations

You can breathe blasts of scalding, opaque steam.
Your pale cyan-grey scales are hard. (AC +7)
You cannot fit into any form of body armour.
You are cold-blooded and may be slowed by cold attacks.
You are immune to the effects of steam.


Message History

The bolt of poison hits you!!
You are poisoned.
* * * LOW HITPOINT WARNING * * *
You feel much better.
You feel very sick. Something completely misses you.
You feel very sick. Something barely misses you.
Casting: Lee's Rapid Deconstruction (dangerous; 4% risk of failure)
Confirm with . or Enter, or press ? or * to list all spells.
Aiming: Lee's Rapid Deconstruction (dangerous; 4% risk of failure)
Press: ? - help, Dir - move target, f - yak Fragment what (e.g. wall or brittle monster)?: a yak (moderately wounded)
An open door.
The stone door frame shatters!
The blast of rock fragments hits the yak!
The yak is severely wounded.
The blast of rock fragments hits something!!
You feel very sick.
You hear some strange, mumbled words.
A lance of force appears from out of thin air!
The lance of force misses you.
You feel sick. Something hits you!
* * * LOW HITPOINT WARNING * * *
Something burns you.
* * * LOW HITPOINT WARNING * * *
Casting: Lee's Rapid Deconstruction (dangerous; 4% risk of failure)
Confirm with . or Enter, or press ? or * to list all spells.
You don't have enough magic to cast this spell.
Unknown command.
You are confused.
You feel invigorated.
You feel sick.
Erica appears from thin air!
Reactivating autopickup.
The yak barely misses you.
Erica hits you with a +4 scimitar of flaming!
* * * LOW HITPOINT WARNING * * *
Erica burns you.
* * * LOW HITPOINT WARNING * * *
The yak gores you!
You die...

.. #.......# ..#
..######)).....#
#..###..#......#######
...#....#......#....#
...#....+......#....#
...#....#......#....#
...#....#......#....#
...#....#......#....#
#####'###......#@...#
..............##@Y..#
..............'.....#
..............#.....#
..............#.....#
..............#.....#
..............#.....#
..............#.....#
###+##........#######


You could see Erica and a yak.

Vanquished Creatures
  A wyvern (D:8)
  Menkaure (D:5)
  An acid dragon (D:8)
  2 black bears
  A sky beast (D:6)
  3 necrophages
  An ogre (D:6)
  2 kobold brigands (D:7)
  2 bullfrogs (D:8)
  A gnoll sergeant (D:9)
  A water moccasin zombie (D:6)
  6 scorpions
  6 killer bees (D:7)
  A water moccasin skeleton (D:7)
  2 howler monkeys
  An electric eel (D:8)
  A bullfrog zombie (D:5)
  5 hounds
  A bullfrog skeleton (D:5)
  2 jellies
  2 gnoll shamans
  5 orc priests
  7 orc wizards
  Robin (D:4)
  10 gnolls
  2 howler monkey skeletons (D:6)
  5 adders
  3 white imps
  An ufetubus (D:4)
  4 worms
  4 dart slugs
  25 orcs
  5 ball pythons
  5 bats
  3 endoplasms (D:1)
  3 giant cockroaches
  12 hobgoblins
  A quokka (D:1)
  A frilled lizard (D:1)
  17 goblins
  9 kobolds
  6 rats
172 creatures vanquished.

Notes
Turn   | Place    | Note
-------+----------+-------------------------------------------
     0 | D:1      | tardwrangler69 the Draconian Earth Elementalist began the
                  | quest for the Orb.
     0 | D:1      | Reached XP level 1. HP: 14/14 MP: 3/3
   208 | D:1      | Reached XP level 2. HP: 3/20 MP: 0/5
   884 | D:1      | Found a faded altar of an unknown god.
  1330 | D:2      | Reached XP level 3. HP: 21/26 MP: 2/6
  1332 | D:2      | Reached skill level 4 in Earth Magic
  1912 | D:2      | Found an ancient bone altar of Kikubaaqudgha.
  2108 | D:2      | Reached XP level 4. HP: 18/33 MP: 4/8
  2699 | D:3      | Noticed a scorpion
  2708 | D:3      | Killed a scorpion
  2709 | D:3      | Reached skill level 5 in Earth Magic
  2709 | D:3      | Reached XP level 5. HP: 38/38 MP: 1/9
  3088 | D:3      | Found a bloodstained altar of Trog.
  4416 | D:4      | Found a snail-covered altar of Cheibriados.
  4563 | D:4      | Noticed Robin
  4576 | D:4      | Killed Robin
  4695 | D:4      | Reached XP level 6. HP: 37/45 MP: 7/11
  4922 | D:4      | Reached skill level 6 in Earth Magic
  5372 | D:5      | Entered Level 5 of the Dungeon
  5372 | D:5      | Found a staircase to the Ecumenical Temple.
  5400 | Temple   | Entered the Ecumenical Temple
  5656 | Temple   | Became a worshipper of Vehumet
  5691 | D:5      | Noticed Menkaure
  5701 | D:5      | Killed Menkaure
  5702 | D:5      | Reached skill level 7 in Earth Magic
  5702 | D:5      | Your scales start taking on a pale cyan-grey colour.
  5702 | D:5      | Reached XP level 7. HP: 18/50 MP: 13/13
  5702 | D:5      | Gained mutation: You are immune to the effects of steam.
                  | [Pale Draconian growth]
  6139 | D:5      | Reached skill level 5 in Spellcasting
  6307 | D:5      | Reached skill level 8 in Earth Magic
  6488 | D:5      | Learned a level 3 spell: Stone Arrow
  6631 | D:5      | Reached XP level 8. HP: 57/57 MP: 13/15
  7139 | D:6      | Reached skill level 1 in Conjurations
  7191 | D:6      | Reached * piety under Vehumet
  7191 | D:6      | Offered knowledge of Magic Dart by Vehumet.
  7578 | D:6      | Found a burning altar of Makhleb.
  7578 | D:6      | Found a glowing silver altar of Zin.
  7579 | D:6      | Noticed an angel
  7579 | D:6      | Noticed a balrug
  7826 | D:6      | Found Toityijui's Distillery.
  7867 | D:6      | Reached skill level 9 in Earth Magic
  8250 | D:7      | Learned a level 2 spell: Passwall
  8256 | D:7      | Learned a level 5 spell: Lee's Rapid Deconstruction
  8411 | D:7      | Reached XP level 9. HP: 54/62 MP: 8/18
  8996 | D:7      | Reached skill level 5 in Conjurations
  9044 | D:7      | Found a sparkling altar of Nemelex Xobeh.
  9198 | D:7      | Reached ** piety under Vehumet
  9199 | D:7      | Offered knowledge of Searing Ray by Vehumet.
  9695 | D:8      | Reached skill level 10 in Earth Magic
  9868 | D:8      | Noticed a boulder beetle
 10022 | D:8      | Found Nauseguc's Weapon Emporium.
 10867 | D:9      | Noticed Erica
 10870 | D:9      | Offered knowledge of Conjure Flame by Vehumet.
 10890 | D:9      | Slain by a yak

Illustrated notes

Levels and vault maps discovered:
D:1:      minmay_arrival_arboretum_large, layout_loops_ring,
          basic_ecumenical_altar
D:2:      layout_basic, basic_altar, minmay_close_crescents
D:3:      layout_basic, old_standard_altar, hangedman_decor_points
D:4:      layout_gridville, lemuel_doored_altar, uniq_robin
D:5:      layout_cave_pods, minmay_temple_entry_drinking_statues, uniq_menkaure
D:6:      layout_basic, grunt_temple_overflow_order_and_chaos_2, serial_shops,
          shop_coins, hangedman_abyss_or_decor_stabs
D:7:      layout_gridville, marbit_many_paths,
          eino_small_chamber_without_monster, minmay_crystal_room
D:8:      cheibrodos_helix_gallery, layout_rooms, serial_shops, shop,
          kennysheep_generic_room_2
D:9:      layout_gridville, uniq_erica
Temple:   eino_narrow_crystal_temple

Skill      XL: |  1  2  3  4  5  6  7  8  9 |
---------------+----------------------------+-----
Earth Magic    | 4 5 7 8 9 10 | 10.2
Spellcasting   | 3 4 5 6 |  6.5
Conjurations   | 4 6 |  6.1
Dodging        | |  1.7
Stealth        | |  1.7
Transmutations | |  1.0

Action                   |  1- 3 |  4- 6 |  7- 9 || total
-------------------------+-------+-------+-------++-------
Melee: Unarmed           |    16 |       |       ||    16
       Tailslap          |    11 |    15 |    15 ||    41
       Dagger            |    56 |   120 |       ||   176
       Short sword       |       |    11 |   141 ||   152
 Cast: Sandblast         |    38 |    84 |    44 ||   166
       Stone Arrow       |       |       |    74 ||    74
       Lee's Rapid Decon |       |       |    10 ||    10
  Use: Potion            |       |     2 |     2 ||     4
       Scroll            |       |       |     9 ||     9
 Stab: Sleeping          |     3 |     3 |       ||     6
Armor: Skin              |    30 |    70 |    82 ||   182
Dodge: Dodged            |    60 |   103 |   129 ||   292

Table legend: (Time is in decaauts)
 A = Elapsed time spent in this place.
 B = Non-inter-level travel time spent in this place.
 C = Inter-level travel time spent in this place.
 D = Time resting spent in this place.
 E = Time spent auto-exploring this place.
 F = Levels seen in this place.
 G = Mean time per level.
                   A        B        C        D        E       F      G
               +--------+--------+--------+--------+--------+-----+--------+
         Total |  10916 |  10564 |    352 |    616 |   8690 |  10 | 1091.6 |
       Dungeon |  10645 |  10335 |    310 |    616 |   8462 |   9 | 1182.8 |
        Temple |    271 |    229 |     42 |      0 |    228 |   1 |  271.0 |
               +--------+--------+--------+--------+--------+-----+--------+

Top non-repeatable levels by time:
     D:7: 1781 daAuts
     D:4: 1694 daAuts
     D:3: 1439 daAuts
     D:2: 1269 daAuts
     D:5: 1269 daAuts
     D:1: 1171 daAuts
     D:6: 1106 daAuts
     D:8: 773 daAuts
  Temple: 271 daAuts
     D:9: 139 daAuts
